 Dungeon Crawl Stone Soup version 0.23.2-30-g0e89c35649 (webtiles) character file.

Game seed: 13571181892465664369

261 DildoBatman the Conjurer (level 6, -4/41 HPs)
             Began as a Formicid Wizard on June 12, 2019.
             Slain by an adder (5 damage)
             ... in a sewer.
             The game lasted 00:11:32 (3838 turns).

DildoBatman the Conjurer (Formicid Wizard)          Turns: 3838, Time: 00:11:33

Health: -4/41      AC:  2    Str: 12    XL:     6   Next: 41%
Magic:  10/10      EV: 12    Int: 19    God:
Gold:   194        SH:  0    Dex:  9    Spells: 4/11 levels left

rFire    . . .     SeeInvis +   a - +0 short sword (protect)
rCold    . . .     Gourm    .   (no shield)
rNeg     . . .     Faith    .   t - +0 robe
rPois    .         Spirit   .   (helmet unavailable)
rElec    .         Reflect  .   (no cloak)
rCorr    .         Harm     .   (no gloves)
MR       .....                  (no boots)
Stlth    ++........             (no amulet)
HPRegen  0.13/turn              (no ring)
MPRegen  0.12/turn              (no ring)

@: lethally poisoned (-4 -> -17)
A: permanent stasis, dig shafts and tunnels, four strong arms, antennae 3
a: Dig, Shaft Self


You were in a sewer.
You were hungry.

You visited 1 branch of the dungeon, and saw 4 of its levels.
You also visited: Sewer.

You collected 194 gold pieces.

Inventory:

Hand Weapons
 a - a +0 short sword of protection (weapon)
Missiles
 g - 37 sling bullets
 h - 100 stones (quivered)
 q - 21 arrows
Armour
 t - a +0 robe (worn)
Scrolls
 e - 3 scrolls of magic mapping {unknown}
 j - a scroll of blinking {unknown}
 k - 2 scrolls of teleportation {unknown}
 m - a scroll of fear {unknown}
 n - 2 scrolls of enchant weapon
 x - 3 scrolls of remove curse
 z - 3 scrolls of identify
Potions
 b - 2 potions of flight {unknown}
 d - 3 potions of heal wounds {unknown}
 f - a potion of mutation {unknown}
 i - 4 potions of brilliance {unknown}
 l - a potion of curing {unknown}
 o - 2 potions of lignification {unknown}
 p - a potion of ambrosia {unknown}
 r - a potion of magic {unknown}
Comestibles
 c - a chunk of flesh
 v - 8 rations


   Skills:
 - Level 1.7 Dodging
 - Level 2.4 Stealth
 - Level 3.2 Spellcasting
 * Level 5.5 Conjurations
   Level 1.0 Summonings
   Level 0.8 Translocations


You had 4 spell levels left.
You knew the following spells:

 Your Spells              Type           Power        Failure   Level  Hunger
a - Conjure Flame         Conj/Fire      ##......     14%         3    ###....
c - Magic Dart            Conj           ###.         1%          1    None
e - Mephitic Cloud        Conj/Pois/Air  ##......     22%         3    ###....

Your spell library contained the following spells:

 Spells                   Type           Power        Failure   Level  Hunger
 Call Imp                 Summ           #.......     16%         2    ##.....
 Slow                     Hex            #.......     22%         2    ##.....
 Blink                    Tloc           Unusable     N/A         2    N/A

Dungeon Overview and Level Annotations

Branches:
Dungeon (4/15)
 Temple: D:4-7

Altars:
Ashenzari

Annotations:
D:2 1 exclusion
D:3 1 runed translucent door, exclusions: 2 goblins and sensed monster (detected), Crazy Yiuf
D:4 Sigmund


Innate Abilities, Weirdness & Mutations

You cannot be hasted, slowed, berserked, paralysed or teleported.
You can dig through walls and to a lower floor.
Your four strong arms can wield two-handed weapons with a shield.
You have a pair of large antennae on your head. (SInv)


Message History

You feel very sick. The adder barely misses you. The bullfrog hits you.
The adder misses you.
A ball python comes into view.
The bullfrog hits you! The adder bites you.
You feel sick. The adder misses you. The adder closely misses you.
The adder barely misses you. The adder bites you.
You are more poisoned.
The adder poisons you! The adder barely misses you.
You extend your mandibles.
You dig through the rock wall.
You feel sick. The adder bites you.
You die...

###################
###..≈≈≈≈≈≈≈≈≈≈≈S≈≈≈#
##...≈≈≈≈≈≈#≈..≈#≈≈≈≈≈
#....≈≈≈≈≈≈≈≈≈≈#≈{≈≈≈≈
#....≈≈≈≈≈≈≈≈≈≈≈S≈≈≈≈≈
##....≈SS≈≈≈≈S≈≈≈≈≈≈≈≈≈
#.....@≈SF≈S≈≈≈≈≈≈≈≈≈≈.
#....##################
##...#### #....#..#
#....'..# #..÷#####
##...##
#....##################
#.....#÷≈≈≈≈≈≈≈≈≈≈≈≈≈≈.


You could see a bullfrog, 4 adders and a ball python.

Vanquished Creatures
  A hound skeleton (D:4)
  8 adders
  5 river rats (Sewer)
  3 oozes
  5 worms
  3 dart slugs
  3 leopard geckos
  An orc (D:2)
  4 ball pythons
  5 bats
  4 giant cockroaches
  9 goblins
  7 hobgoblins
  9 jackals
  A quokka (D:2)
  5 frilled lizards
  6 kobolds
  A quokka skeleton (D:3)
  27 rats
107 creatures vanquished.

Notes
Turn   | Place    | Note
-------+----------+-------------------------------------------
     0 | D:1      | DildoBatman the Formicid Wizard began the quest for the
                  | Orb.
     0 | D:1      | Reached XP level 1. HP: 13/13 MP: 4/4
    30 | D:1      | Reached skill level 1 in Conjurations
   319 | D:1      | Reached XP level 2. HP: 15/19 MP: 0/6
   407 | D:1      | Reached skill level 2 in Conjurations
   649 | D:1      | Reached XP level 3. HP: 22/24 MP: 0/7
   749 | D:1      | Learned a level 3 spell: Conjure Flame
   753 | D:1      | Learned a level 3 spell: Mephitic Cloud
  1143 | D:2      | Reached skill level 3 in Conjurations
  1154 | D:2      | Reached XP level 4. HP: 10/30 MP: 2/8
  2169 | D:2      | Reached skill level 4 in Conjurations
  2169 | D:2      | Reached XP level 5. HP: 15/35 MP: 0/9
  2192 | D:3      | Found a shattered altar of Ashenzari.
  2475 | D:3      | Found a runed translucent door.
  2476 | D:3      | Noticed Crazy Yiuf
  2692 | D:4      | Noticed Sigmund
  2692 | D:4      | Noticed an ogre
  2760 | D:4      | Found a glowing drain.
  2842 | Sewer    | Entered a sewer
  3272 | Sewer    | Reached XP level 6. HP: 41/41 MP: 5/10
  3276 | Sewer    | Reached skill level 5 in Conjurations
  3838 | Sewer    | HP: 1/41 [poisoned by an adder]
  3838 | Sewer    | Slain by an adder

Skill      XL: |  1  2  3  4  5  6 |
---------------+-------------------+-----
Conjurations   | 1 2 3 4 5 |  5.5
Dodging        | |  1.7
Stealth        | |  2.4
Spellcasting   | |  3.2
Summonings     | |  1.0
Translocations | |  0.8

Action                   |  1- 3 |  4- 6 || total
-------------------------+-------+-------++-------
Melee: Whip              |    84 |    13 ||    97
       Unarmed           |     1 |       ||     1
       Short sword       |       |    48 ||    48
 Cast: Magic Dart        |    69 |   190 ||   259
 Abil: Dig               |     1 |     4 ||     5
  Use: Scroll            |       |     2 ||     2
  Eat: Chunk             |     1 |     8 ||     9
Armor: Robe              |    18 |    17 ||    35
Dodge: Dodged            |    83 |    75 ||   158
